 Dungeon Crawl Stone Soup version 0.31.0-2-g5a2aebc5c2 (webtiles) character file.

Game seed: 6563211416116788631

97 jestert79 the Cudgeller (level 4, 0/36 HPs)
             Began as a Minotaur Wanderer on Jan 21, 2024.
             Frozen to death by an endoplasm (2 damage)
             ... on level 2 of the Dungeon.
             The game lasted 00:05:33 (1457 turns).

jestert79 the Cudgeller (Minotaur Wanderer)         Turns: 1457, Time: 00:05:33

Health: 0/36       AC:  3    Str: 15    XL:     4   Next: 42%
Magic:  4/4        EV: 10    Int: 13    God:
Gold:   105        SH:  6    Dex:  9    Spells: 5/5 levels left

rFire   . . .        a - +0 whip
rCold   . . .        c - +2 buckler
rNeg    . . .        e - +0 leather armour
rPois   .            (helmet restricted)
rElec   .            (no cloak)
rCorr   .            (no gloves)
SInv    .            (no boots)
Will    .....        (no amulet)
Stlth   +            (no ring)
HPRegen 0.26/turn    (no ring)
MPRegen 0.09/turn

%: no passive effects
@: slowed, very slow
A: horns 2, retaliatory headbutt
a: no special abilities


You were on level 2 of the Dungeon.
You visited 1 branch of the dungeon, and saw 2 of its levels.

You collected 105 gold pieces.

Inventory:

Hand Weapons
 a - a +0 whip (weapon)
 h - a +0 dagger
Missiles
 b - 7 boomerangs
 g - 3 poisoned darts (quivered)
 i - 3 atropa-tipped darts
Armour
 c - a +2 buckler (worn)
 e - a +0 leather armour (worn)
Scrolls
 k - a scroll of poison {unknown}
 l - a scroll of brand weapon {unknown}
Potions
 d - a potion of haste
 f - a potion of curing {unknown}
 j - a potion of attraction {unknown}
 m - a potion of lignification {unknown}


   Skills:
 - Level 2.0 Fighting
 + Level 4.7 Maces & Flails
 - Level 3.0 Throwing
 - Level 2.4 Shields
 - Level 1.0 Spellcasting
 - Level 1.2 Hexes
 - Level 1.0 Evocations


You had 5 spell levels left.
You didn't know any spells.
Your spell library contained the following spells:

 Spells                   Type           Power      Damage    Failure   Level
 Jinxbite                 Hex            6%         N/A       38%         2
 Freeze                   Ice            0%         1d3       43%         1
 Ensorcelled Hibernation  Hex/Ice        4%         N/A       50%         2
 Frozen Ramparts          Ice            0%         1d1       80%         3
 Hailstorm                Conj/Ice       0%         3d5       80%         3


Dungeon Overview and Level Annotations

Branches:
Dungeon (2/15)

Altars:


Innate Abilities, Weirdness & Mutations

You have a pair of horns on your head.
You reflexively headbutt those who attack you in melee.


Message History

Unknown command.
You barely miss Natasha. You headbutt Natasha, but do no damage.
Natasha is severely wounded.
Natasha claws you! The cerulean imp barely misses you.
The endoplasm freezes you.
You are frozen.
You closely miss Natasha.
Natasha is severely wounded.
Natasha claws you! The cerulean imp closely misses you.
The endoplasm freezes you.
You are frozen.
Unknown command.
You hit Natasha but do no damage. Your headbutt misses Natasha.
Natasha is severely wounded.
Natasha stares at you and mumbles some strange words.
The magic dart hits you.
The cerulean imp hits you from afar with a +2 spear.
* * * LOW HITPOINT WARNING * * *
You closely miss Natasha.
Natasha is severely wounded.
The endoplasm hits you but does no damage.
Natasha casts a spell.
You block the cerulean imp's attack.
Unknown command.
You hit Natasha.
Natasha is almost dead.
The endoplasm barely misses you.
Natasha stares at you and mumbles some strange words.
You feel yourself slow down.
The cerulean imp hits you from afar with a +2 spear.
* * * LOW HITPOINT WARNING * * *
You hit Natasha.
You kill Natasha!
Natasha growls in agony!
The cerulean imp disappears in a puff of smoke! x2
The endoplasm hits you.
* * * LOW HITPOINT WARNING * * *
The endoplasm freezes you.
You are frozen.
You die...

..#..##.......................##
..#.##...##...#.........[##.###
........####.###.............##
.......## ##...............#<.###
.........##..(##................#
..............(.(..........###...
......####...[§.§..........#####.
........ ......................).
........ #######@#####......#####
..#.##... #J# ######.# #. .#...
#h# #.## #. #..........# #..###.
............# ##..##.
.............# ##.##.
.............# #..#.
=.J..........# ##...
.............# ##..


You could see an endoplasm and a jackal.

Vanquished Creatures
  Natasha (twice) (D:2)
  An adder (D:2)
  A dart slug (D:2)
  A ribbon worm (D:2)
  5 ball pythons
  5 bats
  2 endoplasms (D:1)
  4 giant cockroaches
  4 goblins (D:1)
  4 hobgoblins
  10 jackals (D:2)
  3 quokkas
  6 frilled lizards (D:1)
  4 kobolds
  2 rats
54 creatures vanquished.

Notes
Turn   | Place    | Note
-------+----------+-------------------------------------------
     0 | D:1      | jestert79 the Minotaur Wanderer began the quest for the
                  | Orb.
     0 | D:1      | jestert79 set off with the following items: a +0 dagger, 7
                  | boomerangs, a +2 buckler, a potion of haste, a +0 leather
                  | armour; and the following spells available to memorise:
                  | Jinxbite, Ensorcelled Hibernation.
     0 | D:1      | Reached XP level 1. HP: 16/16 MP: 1/1
   165 | D:1      | Reached skill level 1 in Maces & Flails
   171 | D:1      | Reached XP level 2. HP: 24/24 MP: 2/2
   304 | D:1      | Reached skill level 2 in Maces & Flails
   701 | D:1      | Reached XP level 3. HP: 29/29 MP: 3/3
   859 | D:2      | Reached skill level 3 in Maces & Flails
   960 | D:2      | Reached skill level 4 in Maces & Flails
  1157 | D:2      | Noticed Natasha
  1168 | D:2      | Killed Natasha
  1169 | D:2      | Reached XP level 4. HP: 10/36 MP: 4/4
  1439 | D:2      | Noticed Natasha
  1457 | D:2      | Killed Natasha
  1457 | D:2      | Frozen to death by an endoplasm

Illustrated notes

Levels and vault maps discovered:
D:1:      sevenhm_arrival_forest_fort_large_2, layout_basic
D:2:      layout_rooms, uniq_natasha

Skill      XL: |  1  2  3 |
---------------+----------+-----
Fighting       | 2 |  2.0
Maces & Flails | 1 2 4 |  4.7
Throwing       | |  3.0
Shields        | |  2.4
Spellcasting   | |  1.0
Hexes          | |  1.2
Evocations     | |  1.0

Action                     |  1- 3 |  4- 6 || total
---------------------------+-------+-------++-------
  Melee: Dagger            |     9 |       ||     9
         Whip              |   141 |    45 ||   186
         Headbutt          |    18 |     5 ||    23
  Throw: Dart              |     1 |     2 ||     3
 Armour: Leather armour    |    59 |    25 ||    84
  Dodge: Dodged            |    59 |    24 ||    83
  Block: Buckler           |    45 |    17 ||    62
